 Dungeon Crawl Stone Soup version 0.29-a0-1039-gfc20370e89 (webtiles) character file.

Game seed: 14104007051245948632

429 Leibowitz the Poker (level 6, -8/42 HPs)
             Began as a Merfolk Gladiator on Aug 15, 2022.
             Killed by nerve-wracking pain
             ... invoked by Grinder
              (12 damage)
             ... on level 4 of the Dungeon.
             The game lasted 00:11:43 (3319 turns).

Leibowitz the Poker (Merfolk Gladiator)             Turns: 3319, Time: 00:11:44

Health: -8/42      AC:  4    Str: 14    XL:     6   Next: 98%
Magic:  6/6        EV: 17    Int:  6    God:
Gold:   182        SH:  0    Dex: 27    Spells: 5/5 levels left

rFire   . . .      SeeInvis .   a - +0 trident
rCold   . . .      Faith    .   (no shield)
rNeg    . . .      Spirit   .   b - +0 leather armour
rPois   .          Reflect  .   c - +0 helmet
rElec   .          Harm     .   (no cloak)
rCorr   .          Rampage  .   (no gloves)
Will    .....                   (no boots)
Stlth   ++........              g - amulet of magic regeneration
HPRegen 0.14/turn               i - +6 ring of dexterity
MPRegen 0.50/turn               (no ring)

@: unable to drink
A: (nimble swimmer 2), mertail, agile 1, frail 1, inability to drink after
injury 1
a: no special abilities


You were on level 4 of the Dungeon.
You visited 1 branch of the dungeon, and saw 4 of its levels.

You collected 182 gold pieces.

Inventory:

Hand Weapons
 a - a +0 trident (weapon)
Missiles
 e - 9 javelins (quivered)
 r - a throwing net
Armour
 b - a +0 leather armour (worn)
 c - a +0 helmet (worn)
Jewellery
 g - an amulet of magic regeneration (around neck)
 i - a +6 ring of dexterity (left hand)
Scrolls
 f - a scroll of fear {unknown}
 h - 3 scrolls of identify {unknown}
 j - a scroll of noise {unknown}
 k - a scroll of acquirement {unknown}
 n - 2 scrolls of teleportation {unknown}
 o - a scroll of torment {unknown}
Potions
 d - a potion of haste {unknown}
 l - 2 potions of might {unknown}
 m - a potion of heal wounds {unknown}
 p - a potion of ambrosia {unknown}
 q - 2 potions of curing {unknown}


   Skills:
 * Level 3.0 Fighting
 * Level 7.2 Polearms
 + Level 2.1 Throwing
 * Level 2.0 Armour
 * Level 5.9 Dodging
 + Level 1.2 Stealth


You had 5 spell levels left.
You didn't know any spells.
Your spell library contained the following spells:

 Spells                   Type           Power      Damage    Failure   Level
 Foxfire                  Conj/Fire      0%         2x1d4     52%         1
 Conjure Flame            Conj/Fire      0%         6-21      88%         3
 Ignite Poison            Fire/Tmut/Pois 0%         N/A       88%         3
 Inner Flame              Hex/Fire       0%         N/A       88%         3
 Tukima's Dance           Hex            0%         N/A       88%         3
 Flame Wave               Conj/Fire      0%         2d4       99%         4
 Fulminant Prism          Conj/Hex       0%         3d6       99%         4
 Iskenderun's Mystic Bla  Conj/Tloc      0%         2d3       99%         4
 Passage of Golubria      Tloc           0%         N/A       99%         4
 Sticky Flame             Conj/Fire      0%         2d3       99%         4
 Lee's Rapid Deconstruct  Erth           0%         3d5*      100%        5
 Yara's Violent Unravell  Hex/Tmut       0%         3d3       100%        5


Dungeon Overview and Level Annotations

Branches:
Dungeon (4/15)
 Temple: D:4-7

Altars:
Xom
Yredelemnul

Annotations:
D:4 Grinder


Innate Abilities, Weirdness & Mutations

((You are very nimble when in or above water. (Stealth+, EV+, Speed+++)))
Your lower body shifts to a powerful aquatic tail in water.
You are agile. (Dex +4, Str/Int -1)
You are frail. (-10% HP)
You occasionally lose the ability to drink potions when taking damage.


Message History

Grinder is moderately wounded.
Grinder hits you but does no damage.
You hit Grinder.
Grinder is heavily wounded.
Grinder blinks!
Grinder hits you but does no damage.
You closely miss Grinder.
Grinder is heavily wounded.
Grinder blinks!
Grinder hits you!
You feel threatened and lose the ability to drink potions!
* * * LOW HITPOINT WARNING * * *
You writhe in agony.
* * * LOW HITPOINT WARNING * * *
You hit Grinder.
Grinder is heavily wounded.
Grinder gestures at you.
You barely resist. You hit Grinder.
Grinder is heavily wounded.
Grinder gestures at you. Pain shoots through your body!
* * * LOW HITPOINT WARNING * * *
You barely miss Grinder.
Grinder is heavily wounded.
Grinder closely misses you.
You hit Grinder but do no damage.
Grinder is heavily wounded.
You can drink potions again.
Grinder says, "Tell me all your secrets, or I'll kill you."
Grinder closely misses you.
You puncture Grinder!
Grinder is severely wounded.
Grinder closely misses you.
You puncture Grinder!
Grinder is almost dead.
Grinder gestures at you. Pain shoots through your body!
You feel threatened and lose the ability to drink potions!
You die...

## ... ### ... #####.##.# #..
#..@5..#.# #.# #..#.###.##.# .
#.# ###...##.##.# #####. # ..#.#
..#......#.##.###.....
.###...###...###.#.##.##...## #
....#.#.....#.....<...#.....##.#
#...#ยง#...###..................#
.#?.#.#..#...#......<##.....##
###...###...#.#(....###)..##


You could see Grinder.

Vanquished Creatures
  An ogre (D:4)
  A scorpion (D:4)
  2 hounds (D:4)
  Jessica (D:3)
  2 orc wizards (D:3)
  8 adders
  A worm (D:2)
  6 orcs
  7 endoplasms
  2 giant cockroaches
  7 goblins
  7 hobgoblins
  3 jackals
  6 kobolds
  6 quokkas
  4 ball pythons
  2 bats (D:2)
  A frilled lizard (D:2)
  5 rats
72 creatures vanquished.

Notes
Turn   | Place    | Note
-------+----------+-------------------------------------------
     0 | D:1      | Leibowitz the Merfolk Gladiator began the quest for the
                  | Orb.
     0 | D:1      | Reached XP level 1. HP: 16/16 MP: 1/1
   258 | D:1      | Reached XP level 2. HP: 21/22 MP: 2/2
   369 | D:1      | Reached XP level 3. HP: 12/28 MP: 3/3
   712 | D:1      | Reached skill level 5 in Dodging
  1035 | D:2      | Found a faded altar of an unknown god.
  1037 | D:2      | Gained mutation: You have an increased reservoir of magic.
                  | (+10% MP) [potion of mutation]
  1082 | D:2      | Lost mutation: You have an increased reservoir of magic.
                  | (+10% MP) [potion of mutation]
  1082 | D:2      | Gained mutation: You are frail. (-10% HP) [potion of
                  | mutation]
  1082 | D:2      | Gained mutation: You occasionally lose the ability to drink
                  | potions when taking damage. [potion of mutation]
  1082 | D:2      | Gained mutation: You are agile. (Dex +4, Str/Int -1)
                  | [potion of mutation]
  1363 | D:2      | Reached XP level 4. HP: 30/30 MP: 4/4
  1398 | D:2      | Reached skill level 5 in Polearms
  2044 | D:2      | Reached XP level 5. HP: 26/35 MP: 5/5
  2265 | D:3      | Noticed Jessica
  2272 | D:3      | Reached skill level 6 in Polearms
  2272 | D:3      | Reached skill level 1 in Armour
  2272 | D:3      | Killed Jessica
  2276 | D:3      | Reached skill level 1 in Stealth
  2305 | D:3      | Found a basalt altar of Yredelemnul.
  2307 | D:3      | Found a shimmering altar of Xom.
  2657 | D:4      | Noticed an ogre
  2682 | D:4      | Killed an ogre
  2683 | D:4      | Reached XP level 6. HP: 20/41 MP: 6/6
  2823 | D:4      | Reached skill level 7 in Polearms
  3115 | D:4      | Noticed Grinder
  3284 | D:4      | Paralysed by Grinder for 3 turns
  3300 | D:4      | Paralysed by Grinder for 4 turns
  3319 | D:4      | Killed from afar by Grinder

Illustrated notes

Levels and vault maps discovered:
D:1:      sevenhm_arrival_forest_fort_small_3, layout_basic, minmay_ruptured
D:2:      layout_loops_cross, ebering_ecumenical_altar_webs,
          chequers_serial_rivers_room_b
D:3:      layout_rooms, mainiacjoe_overflow_alcove_2,
          nicolae_overflow_hidden_temple, uniq_jessica
D:4:      layout_loops_ring, nicolae_titane, uniq_grinder

Skill      XL: |  1  2  3  4  5  6 |
---------------+-------------------+-----
Dodging        | 5 |  5.9
Polearms       | 5 6 7 |  7.2
Armour         | 1 2 |  2.0
Stealth        | 1 |  1.2
Fighting       | 3 |  3.0
Throwing       | |  2.1

Action                   |  1- 3 |  4- 6 || total
-------------------------+-------+-------++-------
Melee: Trident           |   107 |   143 ||   250
       Punch             |     1 |     1 ||     2
Throw: Javelin           |     1 |     5 ||     6
       Throwing net      |     1 |     2 ||     3
  Use: Potion            |     3 |       ||     3
 Stab: Sleeping          |     7 |     2 ||     9
       Invisible         |     2 |       ||     2
       Distracted        |       |     2 ||     2
Armor: Leather armour    |    17 |    28 ||    45
Dodge: Dodged            |    60 |   103 ||   163

Table legend: (Time is in decaauts)
 A = Elapsed time spent in this place.
 B = Non-inter-level travel time spent in this place.
 C = Inter-level travel time spent in this place.
 D = Time resting spent in this place.
 E = Time spent auto-exploring this place.
 F = Levels seen in this place.
 G = Mean time per level.
                   A        B        C        D        E       F      G
               +--------+--------+--------+--------+--------+-----+--------+
         Total |   3323 |   3274 |     49 |    732 |   1819 |   4 |  830.8 |
       Dungeon |   3323 |   3274 |     49 |    732 |   1819 |   4 |  830.8 |
               +--------+--------+--------+--------+--------+-----+--------+

Top non-repeatable levels by time:
     D:2: 1219 daAuts
     D:1: 998 daAuts
     D:3: 608 daAuts
     D:4: 496 daAuts
